 Dungeon Sprint DCSS version 0.21.1-1-g345015fe64 (webtiles) character file.

16564 Groucho the Tortoise (level 12, -16/115 HPs)
             Began as a Minotaur Fighter on Apr 15, 2018.
             Was the Champion of Cheibriados.
             Demolished by an orc warlord
             ... wielding a +0 long sword
              (42 damage)
             ... in the Dungeon (Sprint VII: "The Pits").
             The game lasted 00:06:25 (5156 turns).

Groucho the Tortoise (Minotaur Fighter)             Turns: 5156, Time: 00:06:25

Health: -16/115    AC: 15    Str: 37    XL:     12   Next: 11%
Magic:  14/21      EV: 22    Int: 20    God:    Cheibriados [******]
Gold:   16         SH: 18    Dex: 32    Spells: 11/11 levels left

rFire    . . .     SeeInvis .   q - +2 war axe (freeze)
rCold    + . .     Gourm    .   c - +0 shield
rNeg     . . .     Faith    .   r - +2 plate armour {rC+}
rPois    .         Spirit   .   (helmet restricted)
rElec    .         Reflect  .   (no cloak)
rCorr    .         Harm     .   (no gloves)
MR       .....     NoTele   +   (no boots)
Stlth    ..........             (no amulet)
HPRegen  0.29/turn              a - +3 ring of dexterity
MPRegen  0.17/turn              b - +3 ring of evasion

@: corroded, very slow
A: retaliatory headbutt, horns 2
a: Bend Time, Temporal Distortion, Slouch, Step From Time, Renounce Religion


You were in the Dungeon.
You worshipped Cheibriados.
Cheibriados was exalted by your worship.
You were not hungry.

You visited 1 branch You collected 16 gold pieces.

Inventory:

Hand Weapons
 q - a +2 war axe of freezing (weapon)
Missiles
 p - 26 stones (quivered)
Armour
 c - a +0 shield (worn)
 r - a +2 plate armour of cold resistance (worn)
Jewellery
 a - a +3 ring of dexterity (left hand)
 b - a +3 ring of evasion (right hand)
 x - an uncursed ring of fire
 B - an uncursed ring of protection from fire
Scrolls
 k - 3 scrolls of blinking
 m - 5 scrolls of remove curse
 n - 5 scrolls of amnesia
 o - a scroll of summoning
 y - 6 scrolls of enchant weapon
 z - 2 scrolls of fear
 A - a scroll of enchant armour
 C - 2 scrolls of identify
Potions
 d - a potion of might
 e - 10 potions of curing
 g - 8 potions of heal wounds
 h - a potion of haste
 i - 3 potions of magic
 j - 4 potions of berserk rage
 l - 2 potions of invisibility
 s - 4 potions of brilliance
 t - 3 potions of agility
 u - 3 potions of mutation
 v - a potion of ambrosia {unknown}
 w - a potion of resistance
Comestibles
 f - 10 rations


   Skills:
 + Level 13.3 Fighting
 * Level 16.1 Axes
 * Level 16.4 Armour
 + Level 10.0 Dodging
 * Level 16.4 Shields
 * Level 13.6 Invocations


You had 11 spell levels left.
You didn't know any spells.

Dungeon Overview and Level Annotations

Branches:
Dungeon (1/1)

Altars:
Ashenzari
Cheibriados
Dithmenos
Elyvilon
Fedhas
Gozag
Hepliaklqana
Kikubaaqudgha
Makhleb
Nemelex Xobeh
Okawaru
Qazlal
Ru
Sif Muna
Trog
Uskayaw
Vehumet
Wu Jian
Xom
Yredelemnul
Zin
The Shining One
Beogh
Jiyva
Lugonu


Innate Abilities, Weirdness & Mutations

You reflexively headbutt those who attack you in melee.
You have a pair of horns on your head.


Message History

Cheibriados appreciates the change of pace.
You kill the orc knight!
Cheibriados appreciates the change of pace.
Your Axes skill increases to level 16!
You have reached level 12!
Your experience leads to an increase in your attributes!
Your base attributes are Str 21, Int 5, Dex 13.
Increase (S)trength, (I)ntelligence, or (D)exterity?
You feel agile.
You feel stronger.
You kill the orc knight!
Cheibriados appreciates the change of pace.
Your Dodging skill increases to level 10!
You kill the orc knight!
Cheibriados appreciates the change of pace.
You feel somewhat more hungry. You block the orc warlord's attack.
The orc warlord closely misses you. You furiously retaliate!
You headbutt the orc warlord!
You feel much better. You block the orc warlord's attack.
The orc warlord hits you with a long sword!!!
You die...

++###############################
.................................
....)............................
..##############''##############[
..# #..)@....# #† ..# #..ooo...#
#. ..# ####.)#### #. ..# ))). #.
..# ..).. #. ..# ....... #. [.#
##..#### #. ..# #### #. ..# #.


You could see 2 orc warlords and an orc knight.

Vanquished Creatures
  A ghost moth (D)
  A deep troll (D)
  2 unseen horrors (D)
  8 orc knights (D)
  2 lindwurms (D)
  2 deep elf magi (D)
  A merfolk siren (D)
  A rust devil (D)
  Psyche (D)
  3 spiny frogs (D)
  A rime drake (D)
  A yaktaur (D)
  3 komodo dragons (D)
  An efreet (D)
  A komodo dragon (shapeshifter) (D)
  2 hellwings (D)
  A red devil (D)
  A wandering mushroom (D)
  A troll (D)
  2 hornets (D)
  A hornet (shapeshifter) (D)
  A redback (D)
  4 yaks (D)
  A basilisk (D)
  A wraith (D)
  2 ynoxinuls (D)
  A fire elemental (D)
  2 hungry ghosts (D)
  3 vampire mosquitoes (D)
  A warg (D)
  2 swamp drakes (D)
  An orc warrior (D)
  A black bear (D)
  2 necrophages (D)
  A phantom (D)
  A centaur (D)
  An earth elemental (D)
  2 orc wizards (D)
  2 orc priests (D)
  2 iron imps (D)
  Ijyb (D)
  A mummy (D)
  An adder (D)
  A river rat (D)
  2 white imps (D)
  An ufetubus (D)
  A worm (D)
  A leopard gecko (D)
  5 orcs (D)
  A ball python (D)
  A goblin (D)
  A hobgoblin (D)
  4 jackals (D)
  A bat (D)
  3 frilled lizards (D)
  2 kobolds (D)
  A leopard gecko zombie (D)
  A quokka skeleton (D)
97 creatures vanquished.

Notes
Turn   | Place    | Note
-------+----------+-------------------------------------------
     0 | D        | Groucho the Minotaur Fighter began the quest for the Orb.
     0 | D        | Reached XP level 1. HP: 19/19 MP: 0/0
     9 | D        | Reached XP level 2. HP: 28/28 MP: 1/1
    39 | D        | Found a bloodstained altar of Trog.
    39 | D        | Found a deep blue altar of Sif Muna.
    39 | D        | Found a viscous altar of Jiyva.
    39 | D        | Found a hazy altar of Hepliaklqana.
    39 | D        | Found an opulent altar of Gozag.
    40 | D        | Found a glowing golden altar of the Shining One.
    40 | D        | Found a glowing silver altar of Zin.
    40 | D        | Found a basalt altar of Yredelemnul.
    40 | D        | Found a shimmering altar of Xom.
    40 | D        | Found an ornate altar of the Wu Jian Council.
    40 | D        | Found a sacrificial altar of Ru.
    40 | D        | Found a stormy altar of Qazlal.
    40 | D        | Found an iron altar of Okawaru.
    40 | D        | Found a sparkling altar of Nemelex Xobeh.
    40 | D        | Found a burning altar of Makhleb.
    40 | D        | Found a blossoming altar of Fedhas.
    40 | D        | Found a white marble altar of Elyvilon.
    40 | D        | Found a shadowy altar of Dithmenos.
    40 | D        | Found a snail-covered altar of Cheibriados.
    42 | D        | Found a radiant altar of Vehumet.
    42 | D        | Found a corrupted altar of Lugonu.
    42 | D        | Found a roughly hewn altar of Beogh.
    43 | D        | Found a hide-covered altar of Uskayaw.
    43 | D        | Found an ancient bone altar of Kikubaaqudgha.
    43 | D        | Found a shattered altar of Ashenzari.
    51 | D        | Became a worshipper of Cheibriados the Contemplative
    72 | D        | Reached * piety under Cheibriados
    74 | D        | Reached ** piety under Cheibriados
    91 | D        | Reached *** piety under Cheibriados
   108 | D        | Reached skill level 5 in Fighting
   112 | D        | Reached **** piety under Cheibriados
   112 | D        | Reached skill level 5 in Armour
   112 | D        | Reached skill level 5 in Shields
   112 | D        | Reached skill level 1 in Invocations
   112 | D        | Reached XP level 3. HP: 20/36 MP: 1/3
   542 | D        | Noticed a necrophage
   542 | D        | Noticed Ijyb
   545 | D        | Reached ***** piety under Cheibriados
   552 | D        | Killed a necrophage
   552 | D        | Reached skill level 5 in Axes
   552 | D        | Reached XP level 4. HP: 43/45 MP: 3/5
   552 | D        | Reached XP level 5. HP: 48/51 MP: 3/6
   556 | D        | Killed Ijyb
   576 | D        | Noticed a yak
   581 | D        | Killed a yak
   581 | D        | Reached ****** piety under Cheibriados
   581 | D        | Reached skill level 5 in Invocations
   581 | D        | Reached XP level 6. HP: 62/62 MP: 7/9
   891 | D        | Noticed a lindwurm
   894 | D        | Reached skill level 1 in Dodging
   897 | D        | Killed a lindwurm
   897 | D        | Reached skill level 10 in Armour
   897 | D        | Reached XP level 7. HP: 35/70 MP: 4/11
   913 | D        | Reached skill level 10 in Shields
  1377 | D        | Noticed a red devil
  1377 | D        | Noticed a vampire mosquito
  1377 | D        | Noticed a vampire mosquito
  1377 | D        | Noticed a vampire mosquito
  1383 | D        | Killed a vampire mosquito
  1383 | D        | Reached XP level 8. HP: 55/78 MP: 12/12
  1386 | D        | Reached skill level 10 in Axes
  1395 | D        | Killed a red devil
  1982 | D        | Noticed an orc knight
  1982 | D        | Noticed a komodo dragon
  1982 | D        | Reached skill level 10 in Fighting
  1983 | D        | Reached skill level 5 in Dodging
  1983 | D        | Reached XP level 9. HP: 79/85 MP: 8/14
  1983 | D        | Killed a komodo dragon
  1987 | D        | Killed an orc knight
  2414 | D        | Noticed a rime drake
  2414 | D        | Noticed a spiny frog
  2414 | D        | Noticed a merfolk siren
  2416 | D        | Killed a spiny frog
  2416 | D        | Killed a rime drake
  2416 | D        | Reached skill level 10 in Invocations
  2417 | D        | Killed a merfolk siren
  2417 | D        | Reached XP level 10. HP: 80/95 MP: 5/16
  2694 | D        | Noticed a deep elf mage
  2694 | D        | Noticed a spiny frog
  2695 | D        | Killed a deep elf mage
  2697 | D        | Noticed a lindwurm
  2697 | D        | Killed a spiny frog
  2701 | D        | Killed a lindwurm
  3147 | D        | Noticed Psyche
  3148 | D        | Killed an unseen horror
  3148 | D        | Killed Psyche
  3467 | D        | Noticed a deep elf mage
  3470 | D        | Killed a deep elf mage
  4108 | D        | Reached XP level 11. HP: 104/104 MP: 18/18
  4155 | D        | Killed an unseen horror
  4174 | D        | Noticed a deep troll
  4180 | D        | Killed a deep troll
  4181 | D        | Reached skill level 15 in Armour
  4182 | D        | Reached skill level 15 in Shields
  4191 | D        | Killed a ghost moth
  4191 | D        | Reached skill level 15 in Axes
  5148 | D        | Noticed an orc knight
  5148 | D        | Noticed an orc knight
  5148 | D        | Noticed an orc knight
  5148 | D        | Noticed an orc knight
  5148 | D        | Noticed an orc knight
  5149 | D        | Noticed an orc knight
  5149 | D        | Noticed an orc warlord
  5149 | D        | Noticed an orc warlord
  5149 | D        | Noticed an orc knight
  5150 | D        | Noticed an orc knight
  5154 | D        | HP: 2/106 [orc knight/war axe (21)]
  5155 | D        | Killed an orc knight
  5155 | D        | Killed an orc knight
  5155 | D        | Killed an orc knight
  5155 | D        | Killed an orc knight
  5155 | D        | Killed an orc knight
  5155 | D        | Reached XP level 12. HP: 2/115 MP: 19/21
  5155 | D        | Reached skill level 10 in Dodging
  5156 | D        | Demolished by an orc warlord

Skill      XL: |  1  2  3  4  5  6  7  8  9 10 11 12 |
---------------+-------------------------------------+-----
Fighting       | 4 5 6 8 9 10 11 12 13 | 13.3
Armour         | 4 5 6 8 10 11 12 14 16 | 16.4
Shields        | 4 5 6 8 9 10 11 12 14 16 | 16.4
Axes           | 3 5 7 9 11 12 14 16 | 16.1
Invocations    | 1 3 5 7 9 10 11 13 | 13.6
Dodging        | 3 5 6 8 9 10 | 10.0

Action                   |  1- 3 |  4- 6 |  7- 9 | 10-12 || total
-------------------------+-------+-------+-------+-------++-------
Melee: War axe           |    19 |       |    17 |    51 ||    87
       Headbutt          |     7 |     7 |    11 |    17 ||    42
       Hand axe          |    10 |    17 |    16 |       ||    43
Invok: Slouch            |       |     2 |     4 |    11 ||    17
  Use: Potion            |       |     1 |       |     2 ||     3
  Eat: Ration            |       |       |     1 |     1 ||     2
Armor: Scale mail        |     9 |       |       |       ||     9
       Plate armour      |     9 |     7 |     9 |    30 ||    55
Dodge: Dodged            |     3 |     5 |    16 |    44 ||    68
Block: Shield            |    19 |    13 |    26 |    60 ||   118
